AoeStats
← The Polished Pole

Arena

510906985Analyzed
1v1 RM · 12h ago on Oct 3, 2026· 18m 36s· 2 players
Game mode
Random Map
Map size
Tiny (2 player)
Population
200
Speed
Normal
Resources
Standard
Victory
Conquest
Starting age
Dark Age
Ending age
Imperial Age
RankedLock teamsTeams togetherTeam positionsShared explorationLock speedFull tech treeHidden civsTurbo modeCheats
Victory
Defeat
🇺🇸 Sicilians · United States
527
+14
🇺🇸 Poles · United States
493
-14
The Polished Pole
0:33 Loom
3:31 Loom
10:33 Feudal Age
12:03 Wheelbarrow
11:11 Horse Collar
11:19 Double-Bit Axe
joshsmithers
3:12 Loom
11:01 Feudal Age
11:55 Horse Collar
12:02 Double-Bit Axe
21:02 Castle Age
Connection lost

Rejoining the realm…

Still unreachable

The connection could not be restored.

Session expired

The server has moved on; the page needs a fresh start.